 Dungeon Crawl Stone Soup version 0.17.0-1-g61d176b (console) character file.

1632 gw the Basher (level 8, 62/66 HPs)
             Began as a Minotaur Chaos Knight on Nov 7, 2015.
             Starved to death
             ... on level 7 of the Dungeon.
             The game lasted 00:06:50 (6935 turns).

gw the Basher (Minotaur Chaos Knight)               Turns: 6935, Time: 00:06:50

Health: 62/66      AC: 13    Str: 18    XL:     8   Next: 66%
Magic:  7/7        EV:  8    Int:  9    God:    Xom [......]
Gold:   314        SH:  0    Dex: 13    Spells: 0 memorised, 7 levels left

rFire  . . .     SeeInvis +     a - +3 flail {venom, *Confuse rC+++ Dex+2 SInv}
rCold  + + +     Clarity  .     b - +0 chain mail
rNeg   + . .     SustAt   .     (no shield)
rPois  .         Gourm    .     (helmet restricted)
rElec  .         Spirit   .     (no cloak)
rCorr  .         Warding  +     g - +0 pair of gloves
rMut   .         Stasis   .     e - +0 pair of boots
MR     .....                    f - amulet of warding
Stlth  ..........               (no ring)
                                (no ring)

@: fainting, not resistant to hostile enchantments, extremely unstealthy
A: retaliatory headbutt, horns 2, deterioration 1, frail 1
a: Renounce Religion


You were on level 7 of the Dungeon.
You worshipped Xom.
You were a very special plaything of Xom.
You were fainting.

You visited 1 branch of the dungeon, and saw 7 of its levels.

You collected 314 gold pieces.

Inventory:

Hand Weapons
 a - the +3 flail of the Vulture (weapon) {venom, *Confuse rC+++ Dex+2 SInv}
   (You found it on level 6 of the Dungeon)

   It poisons the flesh of those it strikes.
   It affects your dexterity (+2).
   It renders you almost immune to cold.
   It lets you see invisible.
   It may confuse you when you take damage.
Missiles
 d - 71 bolts
Armour
 b - a +0 chain mail (worn)
 e - a +0 pair of boots (worn)
 g - a +0 pair of gloves (worn)
Jewellery
 f - an amulet of warding (around neck)
Comestibles
 c - 3 bread rations


   Skills:
 + Level 7.7 Fighting
 * Level 9.9 Maces & Flails
 + Level 6.9 Armour
 - Level 1.1 Dodging


You had 7 spell levels left.
You didn't know any spells.

Dungeon Overview and Level Annotations

Branches:
Dungeon (7/15)             Temple (0/1) D:5

Altars:
Dithmenos
Kikubaaqudgha
Nemelex Xobeh
Sif Muna
Vehumet

Shops:
D:6 (

Annotations:
D:5 exclusion: downstairs


Innate Abilities, Weirdness & Mutations

You reflexively headbutt those who attack you in melee.
You have a pair of horns on your head.
Your body sometimes deteriorates upon taking damage.
You are frail (-10% HP).


Message History

The hungry ghost hits you.
You feel slightly more hungry. The hungry ghost hits you.
You feel slightly more hungry.
You can move again.
Unknown command.
Unknown command.
Unknown command.
Unknown command.
ATTACKING (1,-1)
You sock the hungry ghost! Your headbutt misses the hungry ghost.
The hungry ghost is severely damaged.
Unknown command.
Unknown command.
Unknown command.
Unknown command.
ATTACKING (1,-1)
You closely miss the hungry ghost.
The hungry ghost is severely damaged.
You have starved to death.
You die...
Xom titters!

...... .......
#..#.## #.....#
#.....### #
.##.......###..#
................ #.
#.W.....#
#.##H#...#.####
#.##.#........#
#.##.#..#####.#
###.##.#..# #
#...##.?..### #
#.#..............
#.#.........#####.#
#.....###...# #.#
#.....# #.#.# #.#


You could see a hungry ghost.

Table legend:
 A = Turns spent in this place as a percentage of turns spent in the entire game.
 B = Non-inter-level travel turns spent in this place as a percentage of non-inter-level travel turns spent in the entire game.
 C = Inter-level travel turns spent in this place as a percentage of turns spent in this place.
 D = Turns resting spent in this place as a percentage of non-inter-level travel turns spent in this place.
 E = Turns spent auto-exploring this place as a percentage of non-inter-level travel turns spent in this place.
 F = Non-inter-level travel turns spent in this place divided by the number of levels of this place that you've seen.
                   A       B       C       D       E      F
               +-------+-------+-------+-------+-------+----------------------
         Total | 100.0 | 100.0 |   0.6 |   1.8 |   2.5 | 1340.1
       Dungeon | 100.0 | 100.0 |   0.6 |   1.8 |   2.5 | 1340.1
               +-------+-------+-------+-------+-------+----------------------

Table legend:
 A = Kills in this place as a percentage of kills in entire the game.
 B = Kills by you in this place as a percentage of kills by you in the entire game.
 C = Kills by friends in this place as a percentage of kills by friends in the entire game.
 D = Other kills in this place as a percentage of other kills in the entire game.
 E = Experience gained in this place as a percentage of experience gained in the entire game.
 F = Experience gained in this place divided by the number of levels of this place that you have seen.
                   A       B       C       D       E      F
               +-------+-------+-------+-------+-------+----------------------
         Total | 100.0 | 100.0 |  -nan |  -nan | 100.0 | 333.1
       Dungeon | 100.0 | 100.0 |  -nan |  -nan | 100.0 | 333.1
               +-------+-------+-------+-------+-------+----------------------

Vanquished Creatures
  Pikel (D:6)
  The ghost of egsunbro the Covered, a novice HuBe of Trog (D:5)
  2 slaves (D:6)
  2 centaurs (D:6)
  A giant frog (D:6)
  A scorpion (D:4)
  A crimson imp (D:6)
  A giant frog zombie (D:6)
  2 hounds (D:4)
  4 orc priests
  5 orc wizards
  An iguana (D:4)
  2 worker ants
  7 adders
  2 oozes (D:1)
  A worm (D:2)
  16 orcs
  5 ball pythons
  4 bats
  11 goblins
  7 hobgoblins
  6 kobolds
  2 quokkas
  5 giant cockroaches
  5 giant geckos
  10 giant newts
  7 jackals
  5 rats
117 creatures vanquished.

Notes
Turn   | Place    | Note
--------------------------------------------------------------
     0 | D:1      | gw the Minotaur Chaos Knight began the quest for the Orb.
     0 | D:1      | Reached XP level 1. HP: 19/19 MP: 0/0
   258 | D:1      | Reached skill level 4 in Maces & Flails
   259 | D:1      | Reached XP level 2. HP: 20/27 MP: 1/1
   576 | D:1      | Reached XP level 3. HP: 33/33 MP: 2/2
   582 | D:1      | XOM: harmless Divn miscast
   749 | D:1      | XOM: silly message
  1079 | D:2      | XOM: noise
  1485 | D:2      | Found a faded altar to an unknown god.
  1538 | D:2      | XOM: harmless Pois miscast
  1552 | D:2      | Reached XP level 4. HP: 28/41 MP: 3/3
  1827 | D:2      | XOM: summons 1 hostile demon
  2180 | D:3      | XOM: summons 4 friendly demons
  2184 | D:3      | Reached skill level 5 in Maces & Flails
  2311 | D:3      | XOM: polymorph orc -> jackal
  2485 | D:3      | Found a radiant altar of Vehumet.
  2507 | D:3      | XOM: vitrification
  2616 | D:3      | XOM: 2-stop teleportation journey
  3507 | D:3      | Found a deep blue altar of Sif Muna.
  3577 | D:4      | Reached XP level 5. HP: 47/47 MP: 4/4
  3675 | D:4      | XOM: summons friendly quasit
  3684 | D:4      | Reached skill level 5 in Fighting
  3791 | D:4      | XOM: silly message
  3818 | D:4      | XOM: harmless Chrm miscast
  3888 | D:4      | XOM: harmless Divn miscast
  3930 | D:4      | XOM: silly message
  3958 | D:4      | Reached skill level 6 in Maces & Flails
  3969 | D:4      | Reached XP level 6. HP: 49/56 MP: 5/5
  4070 | D:4      | XOM: divination: detect items
  4094 | D:4      | XOM: divination: magic mapping
  4308 | D:4      | XOM: harmless Tloc miscast
  4424 | D:4      | XOM: summons friendly quasit
  4446 | D:4      | Reached skill level 7 in Maces & Flails
  4980 | D:5      | Entered Level 5 of the Dungeon
  5079 | D:5      | Reached skill level 5 in Armour
  5079 | D:5      | Reached XP level 7. HP: 58/62 MP: 6/6
  5155 | D:5      | Noticed egsunbro's ghost (novice HuBe)
  5162 | D:5      | XOM: potion effect (heal wounds)
  5169 | D:5      | XOM: silly message
  5263 | D:5      | XOM is BORED!
  5263 | D:5      | XOM: medium Conj miscast
  5391 | D:5      | Found a sparkling altar of Nemelex Xobeh.
  5391 | D:5      | Found an ancient bone altar of Kikubaaqudgha.
  5393 | D:5      | Found a shadowy altar of Dithmenos.
  5451 | D:5      | Found a staircase to the Ecumenical Temple.
  5460 | D:5      | XOM: god gift: 11 royal jellies
  5585 | D:5      | XOM: cast spell 'Summon Butterflies'
  5634 | D:5      | XOM: divination: detect creatures
  5657 | D:5      | XOM: cast spell 'Summon Small Mammal'
  5666 | D:5      | XOM: enchant monster (good)
  5675 | D:5      | XOM: cast spell 'Metabolic Englaciation'
  5878 | D:5      | XOM: divination: detect creatures
  5906 | D:5      | XOM: harmless Air miscast
  5933 | D:5      | XOM: potion effect (might)
  5938 | D:5      | Killed egsunbro's ghost
  5938 | D:5      | Reached skill level 8 in Maces & Flails
  6048 | D:6      | XOM: divination: detect creatures
  6054 | D:6      | XOM: divination: detect items
  6080 | D:6      | Noticed Pikel
  6088 | D:6      | XOM: potion effect (berserk rage)
  6095 | D:6      | XOM: blink monster(s)
  6099 | D:6      | XOM: 2-stop teleportation journey
  6113 | D:6      | XOM: 5-stop teleportation journey
  6115 | D:6      | XOM: cast spell 'Statue Form'
  6118 | D:6      | XOM: summons 7 friendly demons
  6119 | D:6      | Killed Pikel
  6119 | D:6      | Reached skill level 9 in Maces & Flails
  6119 | D:6      | Reached XP level 8. HP: 60/73 MP: 7/7
  6336 | D:6      | Got a bloodstained flail
  6337 | D:6      | Identified the +3 flail of the Vulture {venom, *Confuse rC+++ Dex+2 SInv} (You found it on level 6 of the Dungeon)
  6365 | D:6      | XOM: blink monster(s)
  6391 | D:6      | Found Tauva's Weapon Shop.
  6391 | D:6      | XOM: 1-stop teleportation journey
  6394 | D:6      | XOM: summons friendly shadow imp
  6607 | D:6      | XOM: give mutations
  6607 | D:6      | Gained mutation: Your body sometimes deteriorates upon taking damage. [Xom's mischief]
  6607 | D:6      | Gained mutation: You are frail (-10% HP). [Xom's mischief]
  6916 | D:7      | XOM: 1-stop teleportation journey
  6928 | D:7      | XOM: noise
  6935 | D:7      | Starved to death

Action                   |  1- 3 |  4- 6 |  7- 9 || total
-------------------------+-------+-------+-------++-------
Melee: Mace              |   104 |    36 |       ||   140
       Flail             |       |   116 |    81 ||   197
  Eat: Chunk             |     2 |    12 |     2 ||    16
       Bread ration      |       |       |     1 ||     1

Vault maps used:
D:1:      lightli_arrival_statuegarden, minmay_misc_feat_doors
D:2:      kennysheep_the_goblin_king, ecumenical_altar_1
D:3:      lemuel_coloured_pillars_altar, vehumet_altar_wand_db, first_bread
D:4:      hex_large
D:5:      grunt_temple_overflow_open, minmay_temple_entry_mist, minivault_19,
          minmay_splitting_lines
D:6:      serial_shops, nicolae_shop_window_shopping, uniq_pikel
D:7:      lightli_temple_of_fire, sword_in_stone
